 Dungeon Crawl Stone Soup version 0.31.0-11-ge490571c62 (webtiles) character file.

Game seed: 1432356991823332216

35 LabCoat the Trooper (level 3, -5/33 HPs)
             Began as a Hill Orc Fighter on Feb 7, 2024.
             Slain by Crazy Yiuf
             ... wielding a +2 quarterstaff of chaos
              (30 damage)
             ... on level 2 of the Dungeon.
             The game lasted 00:03:02 (882 turns).

LabCoat the Trooper (Hill Orc Fighter)               Turns: 882, Time: 00:03:02

Health: -5/33      AC: 11    Str: 20    XL:     3   Next: 35%
Magic:  3/3        EV:  2    Int:  8    God:
Gold:   90         SH:  0    Dex: 10    Spells: 2/2 levels left

rFire   . . .        a - +0 war axe
rCold   . . .        c - +0 buckler
rNeg    . . .        l - +0 chain mail
rPois   .            (no helmet)
rElec   .            h - +0 cloak
rCorr   .            (no gloves)
SInv    .            e - +0 pair of boots
Will    .....        (no amulet) Stlth
                     (no ring)
HPRegen 0.25/turn    (no ring)
MPRegen 0.08/turn

%: no passive effects
@: mighty, sleeping
A: no striking features
a: no special abilities


You were on level 2 of the Dungeon.
You visited 1 branch of the dungeon, and saw 2 of its levels.

You collected 90 gold pieces.

Inventory:

Hand Weapons
 a - a +0 war axe (weapon)
Armour
 c - a +0 buckler (worn)
 e - a +0 pair of boots (worn)
 h - a +0 cloak (worn)
 l - a +0 chain mail (worn)
Talismans
 f - a blade talisman
Scrolls
 g - a scroll of enchant armour {unknown}
 j - a scroll of revelation {unknown}
Potions
 i - a potion of curing {unknown}
 k - a potion of lignification {unknown}


   Skills:
 * Level 3.9 Fighting
 * Level 3.4 Axes
 + Level 0.7 Throwing
 * Level 3.5 Armour
 + Level 0.3 Dodging
 + Level 3.4 Shields
 * Level 0.4 Evocations


You had 2 spell levels left.
You didn't know any spells.
Your spell library was empty.

Dungeon Overview and Level Annotations

Branches:
Dungeon (2/15)

Altars:

Annotations:
D:2 Crazy Yiuf


Message History

The goblin shouts!
The goblin misses you.
You hit the goblin.
The goblin is heavily wounded.
The goblin hits you with a +0 club.
You closely miss the goblin.
The goblin is heavily wounded.
The goblin hits you but does no damage. The goblin barely misses you.
You slash the goblin!
You kill the goblin!
You now have 90 gold pieces (gained 3).
You see here a +0 club.
You see here a +0 chain mail.
You start removing your armour.
You continue taking off your +0 scale mail. x4
You finish taking off your +0 scale mail.
You start putting on your armour.
You continue putting on your +0 chain mail. x5
You finish putting on your +0 chain mail.
Unknown command.
You drop a +0 scale mail.
Okay, then.
Found a ring mail.
You see here a +0 ring mail.
You see here a +0 ring mail.
Found a hammer.
Found a runed translucent door.
Okay, then.
You feel very mighty all of a sudden.
You open the door.
Crazy Yiuf says, "Cards!"
You closely miss Crazy Yiuf. Crazy Yiuf barely misses you.
You closely miss Crazy Yiuf.
Crazy Yiuf hits you with a +2 quarterstaff of chaos.
Crazy Yiuf freezes you.
Crazy Yiuf hits you with a +2 quarterstaff of chaos.
You fall asleep.
Crazy Yiuf says, "Walk broken agre!"
Crazy Yiuf hits you with a +2 quarterstaff of chaos!!
Ouch! That really hurt!
You die...

.#.# ##.#.##. #........
#........ ###
♣♣##........ #)..#♣♣
♣♣.#...#...#.
#...g@♣♣♣♣......#...#.
#...#♣..♣.............
### ♣♣♣.♣..#.........
♣♣♣♣♣###.#.#.#.
#........ ####
#######....) #..#
#.#######.#. #..#
#...........
########..###.#######.#.


You could see Crazy Yiuf.

Vanquished Creatures
  A gnoll (D:1)
  A dart slug (D:1)
  3 bats (D:1)
  An endoplasm (D:1)
  3 goblins
  A hobgoblin (D:1)
  2 jackals (D:1)
  A quokka (D:1)
  2 ball pythons
  4 kobolds
  3 rats (D:1)
22 creatures vanquished.

Notes
Turn   | Place    | Note
-------+----------+-------------------------------------------
     0 | D:1      | LabCoat the Hill Orc Fighter began the quest for the Orb.
     0 | D:1      | Reached XP level 1. HP: 19/19 MP: 1/1
   141 | D:1      | Reached XP level 2. HP: 27/27 MP: 2/2
   464 | D:1      | Reached XP level 3. HP: 33/33 MP: 3/3
   874 | D:2      | Found a runed translucent door.
   875 | D:2      | Noticed Crazy Yiuf
   882 | D:2      | Slain by Crazy Yiuf

Illustrated notes

Levels and vault maps discovered:
D:1:      lemuel_arrival_funnel, layout_basic
D:2:      layout_basic, minmay_crystal_water, uniq_sigmund,
          uniq_crazy_yiuf_cottage, uniq_terence

Skill      XL: |  1  2 |
---------------+-------+-----
Axes           | 3 |  3.4
Fighting       | |  3.9
Throwing       | |  0.7
Armour         | |  3.5
Dodging        | |  0.3
Shields        | |  3.4
Evocations     | |  0.4

Action                     || total
---------------------------++-------
  Melee: War axe           ||    69
    Use: Potion            ||     1
 Armour: Scale mail        ||    63
         Chain mail        ||     3
  Dodge: Dodged            ||    35
  Block: Buckler           ||    14
